AoeStats
← [LCDR] Alone

Arabia

509960822Analyzed
4v4 RM · 4d ago on Sep 28, 2026· 29m 47s· 8 players
Game mode
Random Map
Map size
Large (8 player)
Population
200
Speed
Normal
Resources
Standard
Victory
Conquest
Starting age
Dark Age
Ending age
Imperial Age
RankedLock teamsTeams togetherTeam positionsShared explorationLock speedFull tech treeHidden civsTurbo modeCheats
Victory
Defeat
🇧🇷 Maya · Brazil
1807
+11
🇧🇷 Franks · Brazil
1707
+15
🇧🇷 Varangians · Brazil
1406
+27
🇧🇷 Ethiopians · Brazil
1370
+28
🇮🇹 Ethiopians · Italy
1726
-21
🇮🇹 Varangians · Italy
1672
-20
🇹🇷 Persians · Türkiye
1670
-20
🇹🇷 Shu · Türkiye
1648
-20
Dott_Berlu
6:50 Loom
9:28 Feudal Age
10:29 Double-Bit Axe
11:45 Fletching
19:33 Padded Archer Armor
21:46 Castle Age
20:19 Gold Mining
21:40 Padded Archer Armor
22:24 Bodkin Arrow
21:50 Crossbowman
23:08 Bow Saw
24:39 Ballistics
25:24 Thumb Ring
mr.roBOT
8:03 Feudal Age
8:42 Double-Bit Axe
9:39 Loom
12:51 Forging
15:49 Scale Barding Armor
20:15 Bloodlines
23:28 Castle Age
21:34 Gold Mining
23:15 Light Cavalry
24:18 Chain Barding Armor
25:10 Bow Saw
25:03 Husbandry
27:15 Wheelbarrow
MorenStrum
6:35 Loom
9:10 Feudal Age
9:41 Double-Bit Axe
9:53 Double-Bit Axe
13:45 Fletching
15:44 Padded Archer Armor
22:44 Wheelbarrow
25:54 Castle Age
24:20 Horse Collar
MrDJM
6:31 Loom
8:52 Feudal Age
9:36 Double-Bit Axe
9:56 Horse Collar
16:32 Scale Barding Armor
16:43 Bloodlines
23:37 Castle Age
22:05 Forging
24:42 Chain Barding Armor
23:46 Light Cavalry
25:35 Bow Saw
25:25 Heavy Plow
[LCDR] Alone
6:42 Loom
9:14 Feudal Age
10:01 Double-Bit Axe
10:58 Forging
14:24 Scale Barding Armor
21:49 Castle Age
20:13 Gold Mining
22:33 Husbandry
22:54 Chain Barding Armor
22:05 Light Cavalry
30:28 Iron Casting
[LCDR] ScOrPiOn II
9:55 Feudal Age
10:44 Double-Bit Axe
12:36 Bloodlines
18:11 Scale Barding Armor
20:34 Forging
26:09 Castle Age
24:33 Gold Mining
26:14 Light Cavalry
27:19 Chain Barding Armor
[LCDR]Zuru
6:17 Loom
9:09 Feudal Age
9:51 Double-Bit Axe
17:48 Fletching
18:37 Padded Archer Armor
20:47 Wheelbarrow
24:55 Castle Age
24:59 Crossbowman
25:35 Bodkin Arrow
25:59 Leather Archer Armor
27:29 Thumb Ring
Fs.Alive
0:26 Loom
8:58 Feudal Age
14:42 Fletching
21:13 Castle Age
19:46 Padded Archer Armor
19:59 Gold Mining
21:25 Double-Bit Axe
21:21 Horse Collar
21:51 Bodkin Arrow
21:32 Crossbowman
26:14 Ballistics
30:10 Wheelbarrow
29:22 Town Watch
Connection lost

Rejoining the realm…

Still unreachable

The connection could not be restored.

Session expired

The server has moved on; the page needs a fresh start.